Map: Data-C

Players

ShaDoWn - Winner!

  • Race: Protoss Protoss
  • Spawn Location: 3:00

Kelazhur

  • Race: Terran Terran
  • Spawn Location: 9:00

Event: DreamHack SC2 Masters 2022 Atlanta (Offline)

VOD

Have the link to the VOD?

Description

Time

  • Played on: Nov. 18, 2022, 1:04 p.m.
  • Length: 8:59

All games in this series

Show
View Real Time Build Order
Export as new Build Order

ShaDoWn Protoss - Winner!

Build Orders: 1 Gate Expand, Chargelot Immortal 

Get SALT Encoding   

  12  0:00  Probe  
  13  0:12  Probe  
  14  0:17  Pylon  
  14  0:24  Probe  
  15  0:35  Gateway  
  15  0:37  Probe (Chrono Boost)  
  16  0:46  Probe (Chrono Boost), Assimilator  
  17  0:51  Probe (Chrono Boost)  
  18  1:03  Probe  
  19  1:15  Probe  
  20  1:22  Cybernetics Core  
  20  1:31  Nexus  
  20  1:38  Pylon  
  20  1:40  Probe  
  20  1:45  Assimilator  
  21  1:52  Probe  
  22  1:55  Stalker (Chrono Boost)  
  22  2:00  Warp Gate  
  24  2:05  Probe  
  25  2:17  Probe (Chrono Boost)  
  25  2:18  Stalker  
  28  2:29  Probe (Chrono Boost)  
  29  2:34  Robotics Facility, Probe (Chrono Boost)  
  30  2:43  Probe (Chrono Boost)  
  32  2:48  Stalker  
  32  2:49  Probe (Chrono Boost)  
  34  2:53  Probe (Chrono Boost)  
  34  2:56  Probe (Chrono Boost)  
  34  2:58  Probe (Chrono Boost)  
  37  3:07  Probe  
  37  3:10  Probe  
  37  3:11  Gateway  
  37  3:12  Gateway  
  39  3:19  Probe  
  40  3:21  Observer (Chrono Boost)  
  40  3:22  Probe  
  42  3:29  Pylon  
  42  3:31  Probe  
  44  3:34  Observer (Chrono Boost), Probe  
  45  3:41  Nexus  
  45  3:44  Probe  
  45  3:47  Probe, Pylon  
  47  3:54  Observer, Stalker  
  50  3:57  Probe, Assimilator  
  50  3:59  Probe  
  52  4:07  Pylon  
  52  4:09  Probe  
  53  4:11  Stalker  
  53  4:12  Probe  
  53  4:13  Observer  
  53  4:15  Assimilator  
  56  4:21  Probe  
  56  4:22  Warp Prism (Chrono Boost)  
  57  4:24  Probe  
  60  4:32  Twilight Council  
  60  4:39  Probe  
  60  4:40  Probe  
  62  4:51  Probe  
  62  4:52  Forge  
  62  4:53  Probe  
  62  4:57  Immortal (Chrono Boost), Probe (Chrono Boost)  
  68  5:03  Sentry  
  68  5:04  Sentry  
  68  5:05  Shield Battery, Charge  
  73  5:10  Probe x2 (Chrono Boost)  
  73  5:13  Probe (Chrono Boost)  
  75  5:17  Probe (Chrono Boost), Pylon  
  75  5:19  Probe (Chrono Boost)  
  75  5:22  Gateway, Probe  
  75  5:24  Gateway  
  75  5:25  Probe, Stalker  
  79  5:29  Probe  
  79  5:35  Probe  
  81  5:37  Immortal  
  81  5:38  Probe  
  81  5:39  Protoss Ground Weapons Level 1 (Chrono Boost)  
  85  5:44  Probe  
  85  5:47  Probe  
  87  5:51  Probe  
  87  5:53  Gateway  
  87  5:56  Probe  
  88  5:59  Probe  
  88  6:01  Zealot x2  
  90  6:07  Zealot  
  90  6:09  Probe  
  84  6:12  Probe  
  84  6:14  Probe  
  79  6:18  Zealot x2  
  79  6:21  Probe  
  79  6:22  Zealot x2  
  79  6:24  Probe  
  85  6:26  Probe  
  85  6:31  Observer  
  85  6:32  Shield Battery  
  86  6:35  Probe, Pylon  
  87  6:44  Templar Archives, Probe  
  87  6:45  Pylon  
  87  6:46  Gateway  
  88  6:48  Gateway  
  88  6:51  Observer  
  89  6:58  Zealot x6  
  101  7:04  Probe x2, Pylon  
  101  7:05  Probe  
  101  7:14  Nexus  
  101  7:16  Probe  
  101  7:17  Probe, Pylon  
  103  7:30  Zealot x3  
  103  7:31  Stalker x3  
  103  7:35  Immortal (Chrono Boost)  
  119  7:41  Zealot  
  119  7:50  Zealot x2  
  111  7:57  Zealot x3, Pylon  
  110  8:00  Probe  
  110  8:01  Probe  
  110  8:04  Immortal (Chrono Boost)  
  103  8:06  Probe  
  92  8:14  Stalker x2  
  92  8:15  Probe  
  93  8:22  Probe  
  93  8:23  Zealot x3  
  100  8:29  Pylon  
  100  8:32  Pylon  
  100  8:34  Zealot  
  106  8:38  Stalker x2  
  106  8:41  Zealot  
  100  8:56  Zealot x3, Stalker  
  100  8:57  Robotics Facility, Robotics Bay  
Show
View Real Time Build Order
Export as new Build Order

Kelazhur Terran 

Build Orders:  

Get SALT Encoding   

  12  0:00  SCV  
  13  0:12  SCV  
  14  0:17  Supply Depot  
  14  0:24  SCV  
  15  0:38  SCV  
  15  0:40  Barracks  
  16  0:43  Refinery  
  16  0:50  SCV  
  16  0:55  Refinery  
  17  1:02  SCV  
  18  1:15  SCV  
  19  1:27  Reaper, Orbital Command  
  19  1:30  Supply Depot  
  20  1:42  Factory  
  20  1:52  SCV  
  21  2:04  Barracks Reactor, SCV  
  22  2:17  SCV  
  23  2:25  Command Center  
  23  2:29  SCV  
  24  2:31  Widow Mine  
  24  2:36  Supply Depot  
  26  2:40  Starport  
  26  2:43  SCV  
  27  2:50  Marine x2  
  29  2:54  Widow Mine  
  30  3:01  SCV  
  31  3:08  Marine x2  
  33  3:13  SCV  
  33  3:15  Factory Tech Lab  
  33  3:17  Medivac  
  36  3:22  Supply Depot  
  36  3:25  SCV, Marine  
  36  3:26  Marine  
  39  3:37  Orbital Command  
  39  3:41  Bunker, Factory Tech Lab, SCV  
  40  3:44  Marine  
  40  3:45  Marine  
  42  3:54  SCV  
  43  3:57  Raven  
  43  4:02  Marine  
  45  4:03  Marine  
  45  4:04  SCV  
  45  4:06  SCV  
  49  4:10  Supply Depot  
  49  4:15  Barracks  
  49  4:16  SCV  
  50  4:20  Siege Tank  
  50  4:22  SCV  
  53  4:28  SCV  
  54  4:34  SCV  
  54  4:36  Barracks  
  54  4:37  Supply Depot  
  55  4:39  Marine  
  55  4:40  SCV  
  55  4:42  Marine  
  58  4:46  SCV  
  58  4:52  Refinery  
  58  4:53  SCV  
  58  4:54  Supply Depot  
  58  4:57  Marine  
  58  4:58  SCV, Siege Tank  
  64  5:00  Marine  
  64  5:05  SCV  
  66  5:07  Starport Reactor  
  66  5:09  Marine  
  66  5:10  SCV  
  66  5:11  Stimpack  
  68  5:16  Marine  
  68  5:17  Supply Depot, SCV  
  68  5:18  Marine  
  71  5:25  SCV  
  71  5:26  Barracks Tech Lab  
  72  5:29  Supply Depot, SCV  
  72  5:30  Engineering Bay  
  72  5:31  Marine  
  72  5:34  Marine  
  75  5:37  SCV  
  75  5:41  SCV  
  74  5:42  Factory Reactor  
  74  5:49  SCV  
  71  5:50  Marauder x2, Marine, Combat Shield  
  71  5:53  SCV, Marine  
  78  6:01  SCV  
  79  6:05  SCV  
  79  6:08  Marine  
  79  6:10  Marine  
  78  6:12  Marauder  
  78  6:13  SCV  
  78  6:17  SCV  
  74  6:21  Marauder  
  74  6:25  SCV  
  74  6:28  Medivac x2  
  74  6:29  SCV  
  74  6:30  Command Center  
  74  6:31  Marine  
  76  6:36  Refinery, Marine  
  76  6:38  SCV, Terran Infantry Weapons Level 1  
  78  6:41  Marauder  
  78  6:45  Marauder  
  82  6:52  Marine  
  82  6:53  Widow Mine x2  
  87  6:54  Marine  
  87  6:56  Concussive Shells  
  88  7:02  Marauder  
  88  7:06  Marauder  
  92  7:10  Barracks  
  92  7:11  Barracks  
  92  7:16  Marine x2  
  92  7:17  SCV x2  
  92  7:19  Missile Turret  
  92  7:22  Widow Mine x2  
  100  7:23  Marauder  
  100  7:28  Marauder  
  102  7:33  SCV  
  102  7:34  SCV  
  97  7:43  Marine x2  
  88  7:44  Widow Mine  
  88  7:45  Marauder  
  88  7:49  Marine  
  76  8:00  Marine  
  58  8:23  Marine x2  
  58  8:24  Marauder  
  64  8:27  Marauder  
  64  8:28  Widow Mine x2  
  68  8:36  SCV  
Tags
 
Add a new tag
Caveats
  • Supply blocks, unpowered buildings, or Contaminate may cause inaccurate times.
  • Supply counts are checked every 10 seconds.